AoeStats
← TreeFugger69

Nomad

508273817Analyzed
4v4 RM · 12d ago on Sep 21, 2026· 75m 3s· 8 players
Game mode
Random Map
Map size
231×231
Population
200
Speed
Normal
Resources
Standard
Victory
Conquest
Starting age
Dark Age
Ending age
Imperial Age
RankedLock teamsTeams togetherTeam positionsShared explorationLock speedFull tech treeHidden civsTurbo modeCheats
Victory
Defeat
🇦🇷 Huns · Argentina
911
+14
🇭🇰 Goths · Hong Kong SAR China
908
+14
🇺🇸 Poles · United States
904
+15
🇨🇱 Mongols · Chile
806
+19
🇹🇼 Italians · Taiwan
898
-17
🇹🇷 Bulgarians · Türkiye
866
-15
🇮🇳 Vietnamese · India
860
-15
🇨🇳 Chinese · China
857
-15
FthFth
6:22 Loom
16:52 Feudal Age
23:11 Castle Age
23:41 Fletching
26:09 Ballistics
25:45 Murder Holes
33:47 Double-Bit Axe
33:45 Horse Collar
38:56 Stirrups
38:58 Gambesons
39:15 Squires
39:21 Scale Mail Armor
39:32 Forging
45:48 Imperial Age
强强不怕困难
4:58 Loom
14:58 Feudal Age
20:32 Castle Age
20:05 Stone Mining
20:02 Double-Bit Axe
20:00 Horse Collar
29:14 Stone Shaft Mining
29:29 Bow Saw
30:10 Wheelbarrow
30:42 Town Watch
31:13 Hand Cart
31:30 Town Patrol
33:01 Gold Mining
33:26 Fletching
33:36 Padded Archer Armor
34:27 Fortified Wall
34:38 Ballistics
35:42 Gold Shaft Mining
35:13 Murder Holes
36:22 Bodkin Arrow
36:42 Leather Archer Armor
39:47 Imperial Age
38:07 Squires
37:28 Pikeman
38:53 Scale Mail Armor
39:04 Forging
42:02 Rocketry
43:37 Two-Man Saw
44:40 Chemistry
45:07 Ring Archer Armor
44:37 Bracer
44:10 Halberdier
45:56 Heavy Scorpion
47:55 Elite Chu Ko Nu
54:40 Iron Casting
54:20 Chain Mail Armor
55:42 Husbandry
55:53 Bloodlines
55:04 Cavalier
58:40 Arson
64:57 Blast Furnace
64:03 Scale Barding Armor
66:30 Chain Barding Armor
70:39 Masonry
70:51 Bombard Tower
72:06 Plate Mail Armor
72:11 Plate Barding Armor
73:03 Conscription
s520s
3:46 Loom
15:48 Feudal Age
19:32 Fletching
26:18 Castle Age
26:05 Horse Collar
29:39 Heavy Plow
37:46 Fortified Wall
37:17 Treadmill Crane
39:21 Bodkin Arrow
39:26 Padded Archer Armor
40:04 Thumb Ring
40:22 Ballistics
41:05 Leather Archer Armor
47:14 Imperial Age
45:23 Wheelbarrow
47:28 Elite Genoese Crossbowman
48:29 Conscription
50:19 Bracer
50:52 Ring Archer Armor
52:02 Double-Bit Axe
53:35 Hand Cart
59:27 Chemistry
58:14 Arrowslits
58:40 Masonry
58:21 Guard Tower
61:15 Coinage
67:36 Murder Holes
68:11 Architecture
72:49 Town Watch
73:48 Cavalier
74:28 Husbandry
74:39 Bloodlines
findsarfaraz
5:21 Loom
20:54 Feudal Age
21:43 Double-Bit Axe
21:48 Fishing Lines
30:12 Castle Age
TreeFugger69
3:03 Loom
20:53 Feudal Age
22:44 Wheelbarrow
21:55 Town Watch
21:53 Horse Collar
21:59 Double-Bit Axe
21:55 Man-at-Arms
26:26 Castle Age
28:29 Bloodlines
27:40 Light Cavalry
30:36 Scale Barding Armor
31:58 Chain Barding Armor
34:03 Bow Saw
33:58 Heavy Plow
36:13 Husbandry
39:19 Imperial Age
37:27 Treadmill Crane
38:07 Ballistics
40:33 Winged Hussar
49:16 Conscription
49:49 Lechitic Legacy
53:17 Chemistry
52:34 Fortified Wall
52:54 Padded Archer Armor
52:44 Fletching
53:06 Forging
53:35 Crop Rotation
53:06 Elite Skirmisher
53:52 Thumb Ring
59:38 Leather Archer Armor
59:18 Bodkin Arrow
jimyyyy
13:01 Feudal Age
15:12 Wheelbarrow
14:24 Double-Bit Axe
14:21 Horse Collar
20:57 Gold Mining
24:51 Castle Age
23:30 Padded Archer Armor
26:06 Hand Cart
26:54 Leather Archer Armor
26:30 Fletching
26:40 Stone Mining
27:23 Crossbowman
29:27 Stone Shaft Mining
30:25 Thumb Ring
31:38 Bloodlines
31:26 Bodkin Arrow
33:56 Husbandry
35:39 Gold Shaft Mining
39:57 Imperial Age
40:04 Elite Mangudai
41:06 Bracer
44:29 Chemistry
43:50 Ballistics
56:19 Arbalester
57:11 Cavalier
58:47 Scale Mail Armor
58:58 Forging
diegotapia
8:09 Loom
13:43 Feudal Age
14:25 Double-Bit Axe
14:35 Gold Mining
32:42 Wheelbarrow
37:41 Castle Age
37:16 Stone Mining
39:40 Gold Shaft Mining
40:39 Bow Saw
41:30 Hand Cart
48:20 Town Watch
51:41 Imperial Age
49:42 Scale Barding Armor
49:46 Marauders
50:14 Forging
51:06 Chain Barding Armor
51:39 Bloodlines
51:30 Husbandry
52:11 Iron Casting
53:52 Plate Barding Armor
54:49 Blast Furnace
55:17 Town Patrol
57:47 Conscription
58:50 Fletching
59:01 Padded Archer Armor
60:26 Elite Skirmisher
61:14 Thumb Ring
60:36 Light Cavalry
65:03 Hussar
68:23 Leather Archer Armor
68:04 Bodkin Arrow
68:33 Ballistics
68:59 Elite Tarkan
鬼祟君_HK
16:52 Feudal Age
18:25 Wheelbarrow
17:32 Man-at-Arms
18:06 Town Watch
21:08 Loom
22:44 Double-Bit Axe
23:21 Horse Collar
24:05 Forging
23:59 Scale Mail Armor
27:41 Castle Age
25:55 Scale Barding Armor
27:49 Fletching
28:26 Bloodlines
28:39 Hand Cart
28:16 Long Swordsman
30:17 Iron Casting
30:45 Squires
31:44 Chain Mail Armor
31:13 Pikeman
33:28 Gold Mining
33:31 Stone Mining
38:19 Bodkin Arrow
41:44 Stone Shaft Mining
41:42 Chain Barding Armor
41:19 Elite Skirmisher
49:23 Imperial Age
49:31 Town Patrol
51:08 Blast Furnace
49:59 Elite Huskarl
50:07 Light Cavalry
52:49 Conscription
53:05 Heavy Scorpion
53:09 Hussar
58:44 Conscription
61:17 Husbandry
64:56 Bracer
65:51 Padded Archer Armor
70:53 Heavy Plow
71:11 Leather Archer Armor
Connection lost

Rejoining the realm…

Still unreachable

The connection could not be restored.

Session expired

The server has moved on; the page needs a fresh start.